 Adventure DCSS version bcrawl-1.19-7-g22fd707d3b (webtiles) character file.

Game seed: 11290925107578622827

2922 Leeroy the Carver (level 9, -2/54 HPs)
             Began as a Skeleton Reaver on Nov 17, 2019.
             Was an Elder of Vehumet.
             Slain by a blink frog (13 damage)
             ... on level 2 of the Lair of Beasts.
             The game lasted 00:27:20 (10101 turns).

Leeroy the Carver (Skeleton Reaver)                Turns: 10101, Time: 00:27:20

Health: -2/54      AC: 10    Str: 18      XL:     9   Next: 50%
Magic:  0/14       EV: 14    Int: 16      God:    Vehumet [****..]
Gold:   442        SH:  2    Dex:  8 (10) Spells: 11/15 levels left
                                        Lives:  0   Deaths: 2

rFire    . . .     SeeInvis .   y - +2 falchion (slice)
rCold    + . .     Gourm    .   (no shield)
rNeg     + + +     Faith    .   b - +1 steam dragon scales
rPois    ∞         Spirit   +   D - +0 helmet {Int+3}
rElec    .         Reflect  .   (no cloak)
rCorr    .         Harm     .   v - +0 pair of gloves
MR       +....                  (no boots)
Stlth    +.........             (no amulet)
HPRegen  0.18/turn              (no ring)
MPRegen  0.14/turn              (no ring)

@: very slightly contaminated
A: no food or potions, cold resistance 1, deterioration 1, negative energy
resistance 3, powered by death 1, torment resistance, unbreathing, magic shield,
sturdy frame 1, spell healing
a: Renounce Religion


You were on level 2 of the Lair of Beasts.
You worshipped Vehumet.
Vehumet was greatly pleased with you.
You were not hungry.

You visited 2 branches of the dungeon, and saw 10 of its levels.

You collected 442 gold pieces.

Inventory:

Hand Weapons
 a - a +0 long sword
 e - a +0 dagger
 m - a +0 quarterstaff
 n - a +4 dagger of protection
 q - a +0 vampiric dagger
 r - a +2 dagger of electrocution
 s - a +0 hunting sling
 u - a +1 dagger of chaos
 y - a +2 falchion of slicing (weapon)
 E - a +2 halberd of distortion
 H - a +1 flail of protection
 J - a cursed -1 whip
 K - a +4 falchion
 L - a +2 mace
 M - a +0 long sword
 N - a +0 rapier
Missiles
 d - 99 poisoned needles
 i - 1328 stones (quivered)
 t - 981 sling bullets
Armour
 b - +1 steam dragon scales (worn)
 v - a +0 pair of gloves (worn)
 D - a +0 helmet of intelligence (worn)
 I - a +3 scale mail of fire resistance
Jewellery
 g - a cursed ring of magical power
 k - a +4 ring of protection {unknown}
 w - a +3 ring of intelligence {unknown}
 z - a +3 amulet of reflection {unknown}
 G - an uncursed ring of see invisible {unknown}
Wands
 p - a wand of paralysis (4)
 A - a wand of flame (8)
 F - a wand of disintegration (17)
Scrolls
 c - a scroll of immolation
 f - 5 scrolls of identify
 h - a scroll of acquirement {unknown}
 j - 4 scrolls of remove curse
 l - a scroll of noise
 x - a scroll of fear {unknown}
 B - a scroll of enchant weapon {unknown}
 C - 3 scrolls of amnesia


   Skills:
 - Level 5.1 Fighting
 - Level 13.0 Long Blades
 - Level 7.0 Armour
 - Level 7.0 Dodging
 + Level 3.7 Spellcasting


You had 11 spell levels left.
You knew the following spells:

 Your Spells              Type           Power        Failure   Level  Hunger
a - Sting                 Conj/Pois      #...         4%          1    N/A
b - Inner Flame           Hex/Fire       N/A          13%         3    N/A

Your spell library contained the following spells:

 Spells                   Type           Power        Failure   Level  Hunger
 Iskenderun's Battlesphe  Conj/Chrm      #.......     73%         5    N/A

Dungeon Overview and Level Annotations

Branches:
Dungeon (8/12)             Temple (0/1) D:4            Lair (2/6) D:7
  Swamp: Lair:2-4    Shoals: Lair:2-4     Snake: Lair:2-4    Spider: Lair:2-4
    Orc: D:8-11

Altars:
Ashenzari
Elyvilon
Kikubaaqudgha
Makhleb
Okawaru
Qazlal
Ru
Sif Muna
Uskayaw
Vehumet
Wu Jian
Xom
Zin

Shops:
D:6 [   D:8 [

Annotations:
D:4 1 runed translucent door, PlayerOfArmor's ghost, amateur DsGl


Innate Abilities, Weirdness & Mutations

You do not eat or drink.
You are immune to poison.
Your flesh is cold resistant. (rC+)
Your body sometimes deteriorates upon taking damage.
You are immune to negative energy. (rN+++)
You regenerate a little health from kills.
You are immune to unholy pain and torment.
You can survive without breathing.
When hurt, damage is shared between your health and your magic reserves.
Your movements are slightly less encumbered by armour. (ER -2)
Casting spells heals you.


Message History

The blink frog croaks.
There is a stone staircase leading up here.
Okay, then.
Casting: Sting (safe; 4% risk of failure)
Confirm with . or Enter, or press ? or * to list all spells.
Aiming: Sting (safe; 4% risk of failure)
Press: ? - help, Shift-Dir - straight line, f - blink frog
Aim: a blink frog The sting misses the blink frog.
Casting: Sting (safe; 4% risk of failure)
Confirm with . or Enter, or press ? or * to list all spells.
Aiming: Sting (safe; 4% risk of failure)
Press: ? - help, Shift-Dir - straight line, f/p - blink frog
Aim: a blink frog The sting hits the blink frog.
The blink frog is poisoned.
The blink frog is lightly wounded.
You slash the blink frog!
The blink frog is heavily wounded.
The blink frog hits you!
You die... #.§....#.#. .. . #......... .. . #......P. . . ......+ #. . .FFF.

#.##. ##F.# #...# ##.F## ## ##
### ###.. #..P.###.###.+####.###
######. #....F<...#....F@!..P##
##..##k+ .........P##..........##
#.......
#........###...........###P......
#........###.......##...###......
#.........##.......###....#......
...........#.......# #P.#........
.........#.........######.#......
#...................# ##.......
#........P#.######### ##......


You could see a blink frog.

Vanquished Creatures
  A cane toad (Lair:2)
  A komodo dragon (Lair:1)
  A rime drake (Lair:2)
  Edmund (D:6)
  2 water moccasins (Lair:1)
  A porcupine (Lair:2)
  2 ice beasts
  5 sky beasts
  A black bear (D:8)
  2 ogres
  2 phantoms
  A centaur (D:8)
  3 bullfrogs
  A crocodile (Lair:1)
  A wyvern zombie (D:6)
  2 scorpions
  6 killer bees
  3 wights (D:6)
  A howler monkey (D:5)
  5 crimson imps
  2 orc priests
  A bullfrog zombie (D:5)
  5 hounds
  A centaur skeleton (D:7)
  6 orc wizards
  Jessica (D:3)
  Ijyb (D:4)
  Terence (D:2)
  2 iguanas
  9 worker ants
  8 gnolls
  4 adders
  A shadow imp (D:6)
  An adder skeleton (D:4)
  3 worms
  2 dart slugs
  7 leopard geckos
  29 orcs
  4 bats
  3 giant cockroaches
  6 goblins
  9 hobgoblins
  9 jackals
  3 quokkas
  2 ball pythons
  2 frilled lizards
  A jackal zombie (D:6)
  5 kobolds
  A quokka skeleton (D:4)
  7 rats
178 creatures vanquished.

Vanquished Creatures (others)
  An orc priest (D:4)
  An orc wizard (D:8)
  An adder (D:4)
  3 orcs (D:4)
  A quokka skeleton (D:4)
  2 fungi (Lair:2)
9 creatures vanquished.

Grand Total: 187 creatures vanquished

Notes
Turn   | Place    | Note
-------+----------+-------------------------------------------
     0 | D:1      | Leeroy the Skeleton Reaver began the quest for the Orb.
     0 | D:1      | Reached XP level 1. HP: 14/14 MP: 4/4
    95 | D:1      | Reached skill level 4 in Long Blades
   164 | D:1      | Reached XP level 2. HP: 18/19 MP: 6/6
   278 | D:1      | Reached skill level 5 in Long Blades
   288 | D:1      | Reached * piety under Vehumet
   288 | D:1      | Offered knowledge of Sting by Vehumet.
   291 | D:1      | Learned a level 1 spell: Sting
   371 | D:1      | Reached XP level 3. HP: 23/23 MP: 5/7
   832 | D:2      | Noticed Terence
  1154 | D:3      | Reached XP level 4. HP: 19/28 MP: 8/8
  1341 | D:3      | Noticed Jessica
  1355 | D:3      | Reached skill level 6 in Long Blades
  1355 | D:3      | Reached XP level 5. HP: 24/32 MP: 6/9
  1366 | D:3      | Killed Jessica
  1366 | D:3      | Reached ** piety under Vehumet
  1366 | D:3      | Offered knowledge of Sandblast by Vehumet.
  1675 | D:3      | Found a shattered altar of Ashenzari.
  1979 | D:4      | Noticed Ijyb
  2015 | D:4      | Reached skill level 7 in Long Blades
  2015 | D:4      | Slain by a worm
  2016 | D:4      | Found a runed translucent door.
  2016 | D:4      | Reached XP level 4. HP: 0/28 MP: 0/8
  2018 | D:4      | Noticed PlayerOfArmor's ghost (amateur DsGl)
  2041 | D:4      | Reached XP level 5. HP: 32/32 MP: 5/9
  2382 | D:2      | Reached skill level 8 in Long Blades
  2606 | D:2      | Killed Terence
  2606 | D:2      | Gained mutation: You regenerate a little health from kills.
                  | [Skeleton growth]
  2606 | D:2      | Reached XP level 6. HP: 37/37 MP: 10/10
  2662 | D:2      | Found a white marble altar of Elyvilon.
  2957 | D:4      | Killed Ijyb
  3269 | D:4      | Found a staircase to the Ecumenical Temple.
  3320 | D:4      | Found a glowing silver altar of Zin.
  3333 | D:4      | Found a burning altar of Makhleb.
  3334 | D:4      | Found a shimmering altar of Xom.
  3655 | D:4      | Reached skill level 5 in Dodging
  3829 | D:4      | Noticed a sky beast
  3842 | D:5      | Entered Level 5 of the Dungeon
  3874 | D:5      | Found a hide-covered altar of Uskayaw.
  3895 | D:5      | Noticed a sky beast
  3897 | D:5      | Offered knowledge of Conjure Flame by Vehumet.
  3963 | D:5      | Killed a sky beast
  3963 | D:5      | Reached XP level 7. HP: 18/41 MP: 6/11
  4253 | D:5      | Reached *** piety under Vehumet
  4256 | D:5      | Found an iron altar of Okawaru.
  4475 | D:5      | Found a shimmering blue altar of Sif Muna.
  4592 | D:5      | Found an ornate altar of the Wu Jian Council.
  5104 | D:5      | Reached skill level 9 in Long Blades
  5356 | D:4      | Found a sacrificial altar of Ru.
  5468 | D:4      | Reached XP level 8. HP: 32/46 MP: 5/12
  6124 | D:6      | Reached skill level 10 in Long Blades
  6431 | D:6      | Found a stormy altar of Qazlal.
  6542 | D:6      | Offered knowledge of Inner Flame by Vehumet.
  6542 | D:6      | Reached skill level 11 in Long Blades
  6547 | D:6      | Learned a level 3 spell: Inner Flame
  6570 | D:6      | Found Ucaud's Armour Boutique.
  6578 | D:6      | Noticed Edmund
  6616 | D:6      | Killed Edmund
  6981 | D:6      | Found an ancient bone altar of Kikubaaqudgha.
  7223 | D:6      | Reached skill level 12 in Long Blades
  7429 | D:6      | Reached XP level 9. HP: 50/50 MP: 13/13
  8258 | D:7      | Reached skill level 13 in Long Blades
  8301 | D:7      | Found an iron altar of Okawaru.
  8344 | D:7      | Noticed a yaktaur
  8344 | D:7      | Noticed an efreet
  8611 | D:8      | Found Upitife's Antique Armour Shoppe.
  8639 | D:8      | Found a radiant altar of Vehumet.
  9072 | D:7      | Found a staircase to the Lair.
  9072 | D:7      | HP: 1/50 [yaktaur/bolt (6)]
  9078 | Lair:1   | Entered Level 1 of the Lair of Beasts
  9418 | Lair:1   | Noticed a cane toad
  9447 | Lair:1   | Slain by a cane toad
  9448 | Lair:1   | Reached XP level 8. HP: 0/46 MP: 0/12
  9448 | Lair:1   | Noticed a komodo dragon
  9449 | Lair:1   | Noticed a cane toad
  9467 | Lair:2   | Killed a cane toad
  9581 | Lair:2   | Noticed a rime drake
  9612 | Lair:2   | Killed a rime drake
  9612 | Lair:2   | Reached XP level 9. HP: 32/50 MP: 7/13
  9799 | Lair:1   | Killed a komodo dragon
 10030 | Lair:1   | Reached skill level 5 in Fighting
 10053 | Lair:1   | Reached **** piety under Vehumet
 10101 | Lair:2   | Slain by a blink frog

Skill      XL: |  1  2  3  4  5  6  7  8  9 |
---------------+----------------------------+-----
Long Blades    | 4 5 6 8 9 12 13 | 13.0
Dodging        | 4 6 7 |  7.0
Armour         | 7 4 |  7.0
Fighting       | 5 |  5.1
Spellcasting   | |  3.7

Action                   |  1- 3 |  4- 6 |  7- 9 || total
-------------------------+-------+-------+-------++-------
Melee: Long sword        |   163 |   240 |       ||   403
       Dagger            |       |    96 |    96 ||   192
       Falchion          |       |       |   530 ||   530
 Cast: Sting             |     6 |    44 |    67 ||   117
       Inner Flame       |       |       |     1 ||     1
Evoke: Wand              |       |     1 |       ||     1
  Use: Scroll            |       |     5 |     6 ||    11
Armor: Steam dragon scal |    56 |   104 |   115 ||   275
Dodge: Dodged            |   110 |   194 |   328 ||   632
Block: Other             |       |     3 |    26 ||    29
